 Dungeon Crawl Stone Soup version 0.21-a0-531-gacddea6 (webtiles) character file.

189502 Lavandula the Frost Mage (level 17, -5/127 HPs)
             Began as a Mummy Chaos Knight on Dec 10, 2017.
             Slain by a harpy (12 damage)
             ... on level 1 of the Vaults on Dec 13, 2017.
             The game lasted 03:36:02 (50906 turns).

Lavandula the Frost Mage (Mummy Chaos Knight)      Turns: 50906, Time: 03:36:03

Health: -5/127     AC: 18    Str: 18 (19) XL:     17   Next: 51%
Magic:  29/29      EV: 17    Int: 16      God:    Xom [......]
Gold:   920        SH:  0    Dex: 17      Spells: 1/32 levels left

rFire    x . .     SeeInvis .   D - +8 dagger (elec)
rCold    + . .     Gourm    .   i - +0 buckler
rNeg     + + +     Faith    .   T - +5 ring mail "Qank" {rElec Str+4 Dex+3}
rPois    ∞         Spirit   .   w - +2 helmet
rElec    +         Reflect  +   m - +2 cloak
rCorr    +         Harm     .   C - +0 pair of gloves
MR       ++...                  v - +0 pair of boots
Stlth    +.........             Q - +3 amulet of reflection (curse)
HPRegen  0.31/turn              y - ring of resist corrosion
MPRegen  0.21/turn              x - ring of wizardry

@: confused
A: no food or potions, fire vulnerability, cold resistance 1, negative energy
resistance 3, torment resistance, unbreathing, in touch with death 1
}: 1/15 runes: decaying
a: Renounce Religion


You were on level 1 of the Vaults.
You worshipped Xom.
You were a very special plaything of Xom.
You were not hungry.

You visited 6 branches of the dungeon, and saw 32 of its levels.
You also visited: Bailey and Ice Cave.

You collected 5098 gold pieces.
You spent 4178 gold pieces at shops.

Inventory:

Hand Weapons
 D - a +8 dagger of electrocution (weapon)
Missiles
 I - 48 tomahawks
 X - 3 poisoned javelins (quivered)
Armour
 b - +0 acid dragon scales
 i - a +0 buckler (worn)
 m - a +2 cloak (worn)
 r - a +1 troll leather armour
 v - a +0 pair of boots (worn)
 w - a +2 helmet (worn)
 A - a +1 cloak of invisibility
 C - a +0 pair of gloves (worn)
 T - the +5 ring mail "Qank" (worn) {rElec Str+4 Dex+3}
   (You found it on level 11 of the Dungeon)

   It affects your strength (+4).
   It affects your dexterity (+3).
   It insulates you from electricity.
Magical Staves
 R - an uncursed staff of energy
 Y - an uncursed staff of wizardry
Jewellery
 j - an uncursed ring of protection from cold
 p - the ring of Xom's Ringing Laughter {+Inv MP+9 Slay+3}
   (Xom gifted it to you on level 3 of the Swamp)

   [ring of magical power]

   It affects your accuracy and damage with ranged weapons and melee attacks
   (+3).
   It affects your magic capacity (+9).
   It lets you turn invisible.
 x - a ring of wizardry (right hand)
 y - a ring of resist corrosion (left hand)
 G - a +4 ring of protection
 P - an uncursed ring of protection from fire
 Q - a cursed +3 amulet of reflection (around neck)
 U - an uncursed ring of protection from magic
Wands
 d - a wand of paralysis (22)
 n - a wand of enslavement (19)
 u - a wand of acid (7)
 B - a wand of flame (92)
 E - a wand of disintegration (32)
 F - a wand of digging (60)
 L - a wand of polymorph (34)
 O - a wand of scattershot (6)
 S - a wand of iceblast (35)
Scrolls
 c - 3 scrolls of teleportation
 e - a scroll of enchant armour
 f - 7 scrolls of remove curse
 o - 2 scrolls of fog
 s - 2 scrolls of magic mapping
 t - a scroll of immolation
 J - 2 scrolls of silence
 K - a scroll of summoning
 M - 2 scrolls of torment
 N - a scroll of holy word
 V - 5 scrolls of vulnerability
Books
 z - a book of the Sky

   Spells                             Type                      Level
   a - Summon Lightning Spire         Summoning/Air                4
   b - Silence                        Hexes/Air                    5
   c - Deflect Missiles               Charms/Air                   6
   d - Conjure Ball Lightning         Conjuration/Air              6
   e - Tornado                        Air                          9
 W - a book of Power

   Spells                             Type                      Level
   a - Iskenderun's Battlesphere      Conjuration/Charms           5
   b - Venom Bolt                     Conjuration/Poison           5
   c - Bolt of Magma                  Conjuration/Fire/Earth       5
   d - Iron Shot                      Conjuration/Earth            6
   e - Orb of Destruction             Conjuration                  7
   f - Spellforged Servitor           Conjuration/Summoning        7
Miscellaneous
 g - a fan of gales
 H - a lamp of fire


   Skills:
 - Level 9.9 Fighting
 - Level 10.4 Short Blades
 - Level 2.3 Staves
 - Level 1.5 Armour
 - Level 9.3 Dodging
 - Level 5.7 Stealth
 - Level 5.3 Shields
 - Level 8.2 Spellcasting
 - Level 4.9 Conjurations
 - Level 3.9 Charms
 - Level 5.0 Summonings
 - Level 5.0 Translocations
 - Level 1.9 Fire Magic
 - Level 13.9 Ice Magic
 + Level 12.8 Air Magic
 - Level 4.0 Poison Magic
 - Level 6.2 Evocations


You had one spell level left.
You knew the following spells:

 Your Spells              Type           Power        Failure   Level  Hunger
a - Blink                 Tloc           N/A          1%          2    N/A
b - Mephitic Cloud        Conj/Pois/Air  ####....     1%          3    N/A
c - Conjure Flame         Conj/Fire      ###.....     6%          3    N/A
d - Freezing Cloud        Conj/Ice/Air   #####.....   16%         6    N/A
e - Summon Lightning Spi  Summ/Air       #####...     1%          4    N/A
f - Deflect Missiles      Chrm/Air       ####......   34%         6    N/A
g - Apportation           Tloc           ###...       1%          1    N/A
h - Conjure Ball Lightni  Conj/Air       #####.....   30%         6    N/A

Dungeon Overview and Level Annotations

Branches:
Dungeon (15/15)            Temple (0/1) D:7            Lair (6/6) D:8
  Swamp (4/4) Lair:4       Spider (3/4) Lair:3        Slime (0/5) Lair:5
    Orc (2/2) D:11            Elf (0/3) Orc:2        Vaults (2/5) D:13
  Crypt: Vaults:2-3  Depths: D:15

Altars:
Ashenzari
Cheibriados
Dithmenos
Elyvilon
Fedhas
Gozag
Hepliaklqana
Makhleb
Nemelex Xobeh
Okawaru
Ru
Sif Muna
Trog
Vehumet
Wu Jian
Xom
Yredelemnul
The Shining One
Beogh

Shops:
D:4 *   D:11 !   D:13 :   D:15 (*:*   Orc:2 ?([}!

Annotations:
D:3 Natasha
D:10 5 runed doors
Lair:2 fire dragon!, dxctxrx's ghost, journeyman GnTm
Lair:5 treasury!, exclusion: 2 oklob plants
Lair:6 ghost moth!
Swamp:2 !jorgun, Jorgrun
Spider:3 pyromancer ghost! aizul! arachne!, exclusion: player ghost, Arachne; brew9's ghost, adept DrFE
Orc:2 Maurice
Vaults:2 Aizul
Abyss:1 Fannar; Grinder; Kirke; Nergalle


Innate Abilities, Weirdness & Mutations

You do not eat or drink.
Your flesh is vulnerable to fire.
You are immune to poison.
Your flesh is cold resistant. (rC+)
You are immune to negative energy. (rN+++)
You are immune to unholy pain and torment.
You can survive without breathing.
You are in touch with the powers of death.


Message History

* * * LOW HITPOINT WARNING * * *
The harpy completely misses you.
The harpy claws you but does no damage. x2
The rakshasa hits you with a long sword!
* * * LOW HITPOINT WARNING * * *
The rakshasa completely misses you.
Your ice devil hits the rakshasa.
Your ice devil freezes the rakshasa!!
In your confused state, you trip and fall back through the gate.
* * * LOW HITPOINT WARNING * * *
The harpy screeches!
The harpy completely misses you. The harpy claws you.
* * * LOW HITPOINT WARNING * * *
The harpy claws you but does no damage. The harpy claws you!
* * * LOW HITPOINT WARNING * * *
The rakshasa hits your ice devil with a long sword.
Your ice devil hits the rakshasa!
Your ice devil freezes the rakshasa!!
The rakshasa dies!
The rakshasa shimmers and vanishes! x2
The harpy claws you!
You die...
Xom roars with laughter!

#.....#
#...........##.....##))
#.....#
#...........##.....##..
#.....#
#...........##.....##..
#.....#
#...........##.....##..
#.....#
#...........##O....##((
###.....#
#######'######.....####
........#
#...(.(....#[....####
........#
#...)4.....#.........
........#
#...@H(...[#.........
#####...#
#...[H(....#.........
## #...#
#..........'.........
.# #...#
#..........#.........
.# #...#
###'##########.........
#####...# #....#.....#
#......... .#..#...#
#.####.....# #.........
....#...# #.#........#
#....##### .#..#...#
#.#.....##.# #....#


You could see 2 harpies and a friendly ice devil.

Vanquished Creatures
  the Lernaean hydra (Swamp:4)
  3 thorn hunters
  3 deep elf sorcerers
  An orc warlord (Orc:2)
  3 vault wardens
  An emperor scorpion (Spider:2)
  A reaper (Vaults:2)
  4 ironheart preservers
  2 entropy weavers
  A deep elf demonologist (Vaults:2)
  The ghost of Charly the Spear-Bearer, a journeyman FoHu of Cheibriados (Lair:1)
  A dire elephant (Lair:3)
  An ettin (Lair:4)
  Josephine (D:14)
  2 yaktaur captains
  A great orb of eyes (Vaults:1)
  A quicksilver dragon skeleton (Vaults:2)
  2 vault guards (Vaults:1)
  9 hydras
  3 ice dragons
  4 centaur warriors
  An anaconda (Vaults:2)
  Erica (D:9)
  5 alligators
  3 ogre magi
  9 two-headed ogres
  A two-headed ogre (shapeshifter) (Orc:1)
  4 death yaks
  A storm dragon zombie (Vaults:2)
  A deep elf knight (Vaults:1)
  A spriggan druid (Swamp:4)
  An unseen horror (D:10)
  2 shambling mangroves (Swamp:3)
  2 flayed ghosts (Vaults:2)
  A death drake (Lair:5)
  12 swamp dragons
  3 wizards
  3 deep elf archers (Vaults:1)
  A harpy (Vaults:2)
  2 ironbrand convokers (Vaults:1)
  An orc knight (Vaults:2)
  A phantasmal warrior (Vaults:2)
  A frost giant zombie (Vaults:2)
  A necromancer (Vaults:2)
  19 ugly things
  8 orb spiders
  16 wolf spiders
  A manticore (D:12)
  3 orc sorcerers
  3 deep elf magi
  A centaur zombie (D:11)
  2 moths of wrath
  4 elephants (Lair:5)
  A black mamba (Lair:2)
  A vault sentinel (Vaults:2)
  An eye of devastation (D:9)
  Psyche (D:8)
  6 spiny frogs
  A torpor snail (Spider:2)
  6 freezing wraiths
  5 demonic crawlers
  22 yaktaurs
  3 komodo dragons
  A queen bee (shapeshifter) (Vaults:1)
  A troll (shapeshifter) (Vaults:1)
  22 jumping spiders
  Prince Ribbit (D:10)
  A troll (D:11)
  4 tyrant leeches
  2 polar bears (D:11)
  A wind drake (shapeshifter) (Vaults:1)
  14 slime creatures
  5 hornets
  3 hippogriffs
  4 bog bodies
  A harpy skeleton (D:15)
  14 blink frogs
  Sigmund (D:2)
  38 redbacks
  6 shadows
  A tarantella (shapeshifter) (Vaults:1)
  A vampire (D:13)
  7 spriggans
  25 tarantellas
  3 hogs
  A hungry ghost (D:14)
  25 vampire mosquitoes
  4 wyverns
  4 wraiths
  23 yaks
  A human (D:8)
  A steam dragon (D:10)
  A death yak simulacrum (IceCv)
  Menkaure (D:4)
  20 swamp worms
  4 wargs
  An acid dragon (shapeshifter) (Vaults:2)
  2 acid dragons
  10 insubstantial wisps (Swamp:3)
  4 water moccasins
  A floating eye (shapeshifter) (D:13)
  9 swamp drakes
  4 porcupines
  2 black bears
  2 human zombies (Vaults:2)
  5 ice beasts
  2 sky beasts
  23 orc warriors
  An eye of draining (D:12)
  A phantom (D:8)
  A hornet zombie (D:10)
  16 centaurs
  17 wolves
  An eye of draining (shapeshifter) (Lair:4)
  A necrophage (D:10)
  11 ogres
  5 crocodiles
  8 big kobolds
  6 bullfrogs
  Blork the orc (D:6)
  A glowing shapeshifter simulacrum (Vaults:1)
  2 water moccasin zombies
  3 scorpions
  2 elephant simulacra (IceCv)
  8 killer bees
  A swamp dragon simulacrum (IceCv)
  An electric eel (Lair:1)
  7 howler monkeys
  8 crimson imps
  A bullfrog zombie (D:12)
  4 draconian simulacra (IceCv)
  A quasit (D:8)
  4 hounds
  25 orc wizards
  Crazy Yiuf (D:2)
  A centaur skeleton (D:8)
  A gnoll shaman (Orc:1)
  2 jellies
  27 orc priests
  Jessica (D:3)
  2 iguanas
  9 worker ants
  Natasha (twice) (D:3)
  2 spriggan simulacra (IceCv)
  3 troll simulacra (IceCv)
  2 centaur simulacra (IceCv)
  A hound skeleton (D:4)
  A worker ant zombie (D:6)
  11 gnolls
  3 naga simulacra (IceCv)
  3 ogre simulacra (IceCv)
  13 adders
  2 shadow imps
  11 white imps (IceCv)
  An ooze (D:11)
  2 adder skeletons (D:4)
  4 worms
  2 dart slugs
  2 leopard geckos
  102 orcs
  10 giant cockroaches
  7 goblins
  8 hobgoblins
  9 jackals
  6 quokkas
  A ball python (D:2)
  9 bats
  7 frilled lizards
  A jackal skeleton (D:4)
  30 kobolds
  A quokka skeleton (D:7)
  7 rats
  2 briar patches (Swamp:3)
  2 plants
962 creatures vanquished.

Vanquished Creatures (collateral kills)
  A rakshasa (Vaults:1)
  4 hydras
  An alligator (Swamp:2)
  2 death knights
  A swamp dragon (Swamp:4)
  A necromancer (IceCv)
  2 ugly things (Vaults:1)
  A spiny frog (Swamp:2)
  A jumping spider (Spider:2)
  6 redbacks
  3 tarantellas
  2 hogs (D:8)
  6 vampire mosquitoes
  An orc warrior (D:11)
  A swamp drake (Swamp:4)
  An ice beast (IceCv)
  An ogre (D:3)
  2 killer bees (D:9)
  A howler monkey (D:9)
  A draconian simulacrum (IceCv)
  A troll simulacrum (IceCv)
  A dart slug (D:3)
  2 kobolds (D:11)
43 creatures vanquished.

Vanquished Creatures (others)
  A centaur warrior (D:13)
  3 death yaks
  2 unseen horrors (D:14)
  A swamp dragon (Swamp:4)
  A wizard (D:15)
  2 harpies (Vaults:1)
  2 oklob plants (Lair:4)
  3 ugly things
  2 elephants
  An ice statue (IceCv)
  2 black mambas
  2 spiny frogs
  A komodo dragon (shapeshifter) (D:15)
  A kobold demonologist (D:13)
  5 freezing wraiths (IceCv)
  A komodo dragon (D:13)
  A jumping spider (Lair:6)
  A hornet (D:11)
  A polar bear (D:11)
  3 slime creatures (D:11)
  A blink frog (Lair:4)
  57 ball lightnings
  A hippogriff (D:12)
  2 redbacks
  A spriggan (Lair:3)
  3 tarantellas (Spider:3)
  A wraith (D:14)
  5 yaks
  A basilisk (Lair:1)
  2 wyverns
  2 hungry ghosts
  2 hogs
  5 vampire mosquitoes
  A soldier ant (D:15)
  4 water moccasins
  A porcupine (D:7)
  5 orc warriors
  An ice beast (IceCv)
  A phantom (D:13)
  4 ogres
  7 wolves
  2 centaurs (D:11)
  2 crocodiles
  A bullfrog (D:11)
  3 killer bees (D:10)
  2 crimson imps
  A draconian simulacrum (IceCv)
  A quasit (D:11)
  An orc priest (D:8)
  4 orc wizards
  An iguana (D:4)
  2 bullfrog skeletons
  2 adders
  A shadow imp (D:15)
  A white imp (IceCv)
  12 orcs
  A kobold (D:10)
  5 briar patches (Swamp:3)
  22 fungi
  25 plants
232 creatures vanquished.

Grand Total: 1237 creatures vanquished

Notes
Turn   | Place    | Note
-------+----------+-------------------------------------------
     0 | D:1      | Lavandula the Mummy Chaos Knight began the quest for the Orb.
     0 | D:1      | Reached XP level 1. HP: 18/18 MP: 1/1
    35 | D:1      | XOM: harmless Tloc miscast
   247 | D:1      | XOM: harmless Chrm miscast
   274 | D:1      | Reached XP level 2. HP: 24/24 MP: 2/2
   410 | D:1      | XOM: harmless Erth miscast
  1221 | D:1      | XOM: cloud trail
  1236 | D:1      | XOM: harmless Air miscast
  1267 | D:2      | XOM: silly message
  1272 | D:2      | Reached XP level 3. HP: 29/29 MP: 3/3
  1289 | D:2      | XOM: silly message
  1336 | D:2      | XOM: medium Chrm miscast
  1440 | D:2      | Found a runed door.
  1444 | D:2      | Noticed Crazy Yiuf
  1459 | D:2      | Killed Crazy Yiuf
  1513 | D:2      | Noticed Sigmund
  1524 | D:2      | Killed Sigmund
  1524 | D:2      | Reached XP level 4. HP: 7/35 MP: 4/4
  1524 | D:2      | Reached XP level 5. HP: 8/41 MP: 5/5
  1592 | D:2      | XOM: harmless Fire miscast
  1652 | D:2      | XOM: harmless Necr miscast
  1815 | D:2      | XOM: silly message
  1841 | D:2      | XOM: potion effect (heal wounds)
  1848 | D:2      | Reached skill level 1 in Staves
  1936 | D:2      | Reached XP level 6. HP: 42/47 MP: 6/6
  2420 | D:3      | Found a shattered altar of Ashenzari.
  2783 | D:3      | XOM: divination: detect items
  2884 | D:3      | Noticed Natasha
  2896 | D:3      | Killed Natasha
  2903 | D:3      | Noticed Natasha
  2909 | D:3      | XOM: smoke on damage
  2914 | D:3      | Killed Natasha
  3014 | D:3      | Noticed Natasha
  3053 | D:3      | Noticed Grinder
  3053 | D:3      | Reached XP level 7. HP: 44/52 MP: 7/7
  3114 | D:3      | XOM: potion effect (might)
  3139 | D:2      | XOM: medium Hex miscast
  3369 | D:3      | XOM: cast spell 'Summon Mana Viper'
  3372 | D:3      | Reached skill level 1 in Evocations
  3402 | D:3      | XOM: divination: detect items
  3402 | D:3      | Paralysed by Grinder for 2 turns
  3410 | D:3      | Paralysed by Grinder for 5 turns
  3416 | D:3      | XOM: summons friendly quasit
  3428 | D:3      | Banished Grinder
  3502 | D:3      | Noticed Jessica
  3507 | D:3      | Killed Jessica
  3507 | D:3      | Reached skill level 5 in Short Blades
  3533 | D:4      | XOM: stealth player
  3534 | D:4      | XOM: cloud trail
  3624 | D:4      | Noticed Menkaure
  3629 | D:4      | Killed Menkaure
  3718 | D:4      | Found a snail-covered altar of Cheibriados.
  3718 | D:4      | Found a basalt altar of Yredelemnul.
  3905 | D:4      | Found a radiant altar of Vehumet.
  3911 | D:4      | XOM: divination: detect items
  3918 | D:4      | Got a faintly glowing robe
  3929 | D:4      | Identified the cursed +0 robe "Qahie" {-Tele rC+ MR+} (You found it on level 4 of the Dungeon)
  3957 | D:4      | XOM: divination: detect items
  4060 | D:4      | Found Xewibaez's General Store.
  4097 | D:5      | Entered Level 5 of the Dungeon
  4157 | D:5      | Reached XP level 8. HP: 58/58 MP: 9/9
  4165 | D:5      | XOM: cleaving
  4264 | D:5      | Found an iron altar of Okawaru.
  4322 | D:5      | XOM: 3-stop teleportation journey
  4409 | D:5      | XOM: noise
  4530 | D:5      | XOM: chaos upgrade
  4597 | D:5      | Found a bloodstained altar of Trog.
  4599 | D:5      | Found a deep blue altar of Sif Muna.
  4599 | D:5      | Found a sacrificial altar of Ru.
  4604 | D:5      | Found an opulent altar of Gozag.
  4897 | D:6      | XOM: 4-stop teleportation journey
  4976 | D:6      | Noticed Blork the orc
  4977 | D:6      | XOM: summons 4 hostile demons
  4978 | D:6      | Noticed a smoke demon
  5030 | D:6      | Killed Blork the orc
  5077 | D:6      | XOM: mild Fire miscast
  5244 | D:6      | XOM: severe Chrm miscast
  5244 | D:6      | Paralysed by the severe capriciousness of Xom for 4 turns
  5544 | D:7      | Found a flagged portal.
  5551 | Bailey   | Entered a bailey
  5564 | Bailey   | Noticed zero's ghost (journeyman SpEn)
  5568 | Bailey   | XOM: 2-stop teleportation journey
  5600 | Bailey   | XOM: butterfly on damage
  5606 | Bailey   | XOM: butterfly on damage
  5633 | Bailey   | XOM: harmless Hex miscast
  5704 | D:7      | XOM: medium Hex miscast
  5942 | D:7      | Found a staircase to the Ecumenical Temple.
  6103 | D:7      | XOM: stat loss: -1 Str (14/15)
  6178 | D:7      | XOM: mild Tmut miscast
  6228 | D:7      | XOM: enchant monster (bad)
  6284 | D:7      | Found an ornate altar of the Wu Jian Council.
  6561 | D:8      | XOM: confuse monster(s)
  6562 | D:8      | XOM: swap monsters
  6575 | D:8      | XOM: destruction
  6577 | D:8      | XOM: cleaving
  6579 | D:8      | XOM: divine lightning
  6611 | D:7      | XOM: harmless Chrm miscast
  6690 | D:7      | XOM: harmless Summ miscast
  6757 | D:7      | XOM: potion effect (curing)
  6885 | D:8      | Found a shadowy altar of Dithmenos.
  6903 | D:8      | Reached skill level 5 in Fighting
  6903 | D:8      | Reached XP level 9. HP: 37/68 MP: 10/10
  6923 | D:8      | XOM: potion effect (agility)
  6996 | D:8      | XOM: silly message
  7092 | D:8      | Found a staircase to the Lair.
  7103 | D:8      | Found a hazy altar of Hepliaklqana.
  7136 | D:8      | XOM: polymorph warg -> blink frog
  7140 | D:8      | XOM: enchant monster (bad)
  7153 | D:8      | XOM: polymorph jelly -> porcupine
  7301 | D:8      | XOM: 1-stop teleportation journey
  7410 | D:8      | XOM: summons 4 hostile shadow creatures
  7529 | D:8      | XOM: swap monsters
  7554 | D:8      | Noticed Psyche
  7560 | D:8      | Killed Psyche
  7656 | D:8      | XOM: chaos cloud
  7659 | D:8      | XOM: noise
  7723 | D:8      | XOM: noise
  7876 | D:8      | XOM: potion effect (might)
  7975 | D:8      | XOM: scenery: create altars
  8128 | D:8      | XOM: scenery: create altars
  8145 | D:8      | XOM: confuse monster(s)
  8148 | D:8      | XOM: summons 7 friendly demons
  8152 | D:8      | XOM: enchant monster (bad)
  8155 | D:8      | XOM: enchant monster (bad)
  8169 | D:8      | Reached skill level 10 in Short Blades
  8240 | D:8      | XOM: summons friendly shadow imp
  8312 | D:8      | XOM: harmless Erth miscast
  8459 | D:8      | Found a shimmering altar of Xom.
  8459 | D:8      | Found a burning altar of Makhleb.
  8461 | D:8      | Found a snail-covered altar of Cheibriados.
  8461 | D:8      | Found a blossoming altar of Fedhas.
  8461 | D:8      | Found a glowing golden altar of the Shining One.
  8474 | D:8      | XOM: harmless Ice miscast
  8556 | D:9      | Noticed Erica
  8556 | D:9      | XOM: swap monsters
  8559 | D:9      | XOM: enchant monster (bad)
  8575 | D:9      | XOM: summons 4 hostile demons
  8577 | D:9      | XOM: fog
  8581 | D:9      | Killed Erica
  8581 | D:9      | Reached XP level 10. HP: 77/77 MP: 11/11
  8587 | D:10     | Entered Level 10 of the Dungeon
  8880 | D:10     | XOM: divination: detect creatures
  8892 | D:10     | Found a runed door.
  8897 | D:10     | Found a runed gate.
  8899 | D:10     | Found a runed gate.
  8899 | D:10     | Found a runed gate.
  8907 | D:10     | Found a runed door.
  8919 | D:10     | Found the +9 staff of Olgreb {rPois}
  8940 | D:10     | Noticed Nergalle
  8947 | D:10     | Banished Nergalle
  9062 | D:10     | Killed an unseen horror
  9062 | D:10     | Reached skill level 5 in Dodging
  9083 | D:10     | XOM: confuse monster(s)
  9123 | D:10     | XOM: scenery: create altars
  9195 | D:9      | XOM: summons 4 friendly demons
  9223 | D:9      | XOM: god gift: 17 stones
  9229 | D:9      | XOM: god gift: 16 arrows
  9231 | D:9      | Noticed Prince Ribbit
  9232 | D:9      | XOM: cleaving
  9233 | D:9      | XOM: scenery: create altars
  9644 | D:10     | Killed Prince Ribbit
 10119 | D:10     | XOM: divination: detect creatures
 10180 | D:10     | XOM: god gift: scroll labeled TEMEAH UTHROFF {god gift}
 10302 | D:9      | XOM: polymorph killer bee -> howler monkey
 10335 | D:9      | Found a blossoming altar of Fedhas.
 10336 | D:9      | XOM: god gift: wand of polymorph (17)
 10341 | D:9      | Noticed a two-headed ogre
 10341 | D:9      | Noticed an eye of devastation
 10341 | D:9      | a two-headed ogre changed into an eye of devastation
 10386 | D:11     | Found a frozen archway.
 10396 | D:11     | Noticed an ice dragon
 10398 | D:11     | XOM: destruction
 10405 | D:11     | XOM: enchant monster (good)
 10413 | D:11     | Killed an ice dragon
 10442 | D:11     | XOM: medium Chrm miscast
 10487 | IceCv    | Entered an ice cave
 10493 | IceCv    | Reached XP level 11. HP: 54/89 MP: 12/12
 10888 | IceCv    | XOM: god gift: scroll of amnesia
 10927 | IceCv    | XOM: 9-stop teleportation journey
 10962 | IceCv    | XOM: scenery: create altars
 10967 | IceCv    | XOM: summons 8 friendly demons
 10984 | IceCv    | XOM: polymorph shadow imp -> white imp
 11057 | IceCv    | XOM: scenery: create altars
 11194 | IceCv    | XOM: divination: detect items
 11222 | IceCv    | Learned a level 2 spell: Blink
 11226 | IceCv    | Learned a level 3 spell: Mephitic Cloud
 11230 | IceCv    | Learned a level 3 spell: Conjure Flame
 11234 | IceCv    | XOM: mild Erth miscast
 11238 | IceCv    | Reached skill level 1 in Spellcasting
 11392 | IceCv    | XOM: 2-stop teleportation journey
 11404 | IceCv    | XOM: potion effect (might)
 11566 | IceCv    | XOM: silly message
 11567 | IceCv    | XOM: potion effect (invisibility)
 11571 | IceCv    | Reached skill level 1 in Translocations
 11586 | IceCv    | XOM: god gift: brass wand {god gift}
 11626 | IceCv    | Noticed a necromancer
 11626 | IceCv    | XOM: summons 4 friendly demons
 11641 | IceCv    | Killed a necromancer
 11903 | IceCv    | Found an ancient bone altar of Kikubaaqudgha.
 12138 | IceCv    | XOM: confuse monster(s)
 12153 | IceCv    | Reached skill level 1 in Conjurations
 12181 | D:11     | XOM: 4-stop teleportation journey
 12203 | D:11     | Got a jewelled ring mail
 12214 | D:11     | Identified the +5 ring mail "Qank" {rElec Str+4 Dex+3} (You found it on level 11 of the Dungeon)
 12254 | D:11     | XOM: scenery: create altars
 12266 | D:11     | Noticed Fannar
 12291 | D:11     | XOM: fake destruction
 12309 | D:11     | XOM: summons 6 friendly demons
 12329 | D:11     | Noticed a death knight
 12345 | D:11     | XOM: summons 11 friendly demons
 12353 | D:11     | Killed a death knight
 12365 | D:11     | XOM: scenery: create altars
 12547 | D:11     | XOM: scenery: 1 doors close
 12657 | D:11     | XOM: fog
 12664 | D:11     | XOM: enchant monster (good)
 12679 | D:11     | Reached skill level 5 in Translocations
 12916 | D:11     | XOM: scenery: 1 doors open, 1 doors close
 12997 | D:11     | XOM: summons 3 friendly demons
 13067 | D:11     | XOM: 1-stop teleportation journey
 13073 | D:11     | Reached skill level 5 in Spellcasting
 13109 | D:11     | Found Fiwkeirph's Distillery.
 13115 | D:11     | XOM: summons 6 friendly demons
 13143 | D:11     | Noticed a two-headed ogre
 13160 | D:11     | Found a staircase to the Orcish Mines.
 13482 | D:11     | XOM: divination: magic mapping
 13526 | D:12     | XOM: stealth player
 13536 | D:12     | XOM: enchant monster (good)
 13568 | D:12     | Noticed a white ugly thing
 13588 | D:12     | XOM: divination: magic mapping
 13589 | D:12     | XOM: enchant monster (good)
 13593 | D:12     | XOM: summons 2 friendly demons
 13595 | D:12     | Banished a white ugly thing
 13595 | D:12     | Reached skill level 1 in Air Magic
 13595 | D:12     | Reached skill level 1 in Poison Magic
 13813 | D:12     | XOM: enchant monster (good)
 13825 | D:12     | Reached XP level 12. HP: 91/97 MP: 14/19
 13909 | D:12     | XOM: cast spell 'Summon Butterflies'
 13920 | D:12     | XOM: mild Conj miscast
 13928 | D:12     | XOM: enchant monster (bad)
 14042 | D:12     | XOM: confuse monster(s)
 14045 | D:12     | Noticed a two-headed ogre
 14083 | D:12     | Killed a two-headed ogre
 14173 | D:12     | XOM: cloud trail
 14307 | D:12     | XOM: mild Air miscast
 14367 | D:12     | XOM: divination: magic mapping
 14416 | D:12     | XOM: confuse monster(s)
 14437 | D:12     | XOM: potion effect (brilliance)
 14510 | D:12     | XOM: enchant monster (bad)
 14583 | D:13     | XOM: confuse monster(s)
 14636 | D:13     | XOM: divination: detect items
 14736 | D:13     | Noticed a centaur warrior
 14737 | D:13     | XOM: divination: detect items
 15166 | D:13     | XOM: summons friendly crimson imp
 15310 | D:13     | XOM: destruction
 15324 | D:13     | XOM: confuse monster(s)
 15477 | D:13     | XOM: summons 11 friendly demons
 15496 | D:13     | Noticed a two-headed ogre
 15500 | D:13     | XOM: noise
 15587 | D:13     | XOM: summons 3 hostile demons
 15767 | D:13     | Paralysed by a floating eye for 4 turns
 15804 | D:13     | Found a gate to the Vaults.
 15804 | D:13     | Noticed a vault guard
 15818 | D:13     | Noticed a centaur warrior
 15856 | D:13     | XOM: summons 6 hostile demons
 15897 | D:13     | XOM: medium Erth miscast
 15927 | D:13     | XOM: medium Tmut miscast
 15994 | D:13     | XOM: mild Hex miscast
 16076 | D:13     | XOM: noise
 16143 | D:13     | Reached skill level 1 in Fire Magic
 16258 | D:13     | XOM: harmless Conj miscast
 16259 | D:13     | XOM: chaos upgrade
 16282 | D:13     | XOM: summons 6 hostile demons
 16293 | D:13     | XOM: harmless Tloc miscast
 16295 | D:13     | XOM: divination: detect items
 16315 | D:13     | XOM: god gift: club {god gift}
 16671 | D:13     | Banished a centaur warrior
 16691 | D:13     | Killed a two-headed ogre
 16834 | D:13     | Found Wuobawuy's Book Shop.
 16849 | D:13     | Bought a book of Clouds for 585 gold pieces
 16856 | D:13     | Learned a level 6 spell: Freezing Cloud
 17033 | D:14     | XOM: potion effect (brilliance)
 17047 | D:14     | Reached skill level 2 in Ice Magic
 17048 | D:14     | Reached skill level 3 in Ice Magic
 17111 | D:14     | XOM: god gift: 8 arrows
 17276 | D:14     | Noticed Josephine
 17279 | D:14     | XOM: summons friendly white imp
 17283 | D:14     | XOM: divination: magic mapping
 17405 | D:11     | XOM: summons 1 friendly demon
 17411 | D:11     | XOM: summons 3 hostile demons
 17419 | D:11     | XOM: polymorph crimson imp -> iron imp
 17428 | D:11     | Banished Fannar
 17428 | D:11     | Reached skill level 4 in Ice Magic
 17495 | Lair:1   | Entered Level 1 of the Lair of Beasts
 17573 | Lair:1   | Reached skill level 5 in Ice Magic
 17718 | Lair:1   | Noticed Charly's ghost (journeyman FoHu)
 17718 | Lair:1   | XOM: silly message
 17729 | Lair:1   | XOM: enchant monster (bad)
 17733 | Lair:1   | XOM: chaos cloud
 17805 | Lair:1   | XOM: confusion (+ monsters)
 17806 | Lair:1   | XOM: cleaving
 17808 | Lair:1   | XOM: destruction
 17814 | Lair:1   | XOM: potion effect (magic)
 17816 | Lair:1   | XOM: divination: detect items
 17828 | Lair:1   | XOM: fake destruction
 17854 | Lair:2   | Noticed a six-headed hydra
 17859 | Lair:2   | Killed a six-headed hydra
 17887 | Lair:2   | Noticed an eight-headed hydra
 17891 | Lair:2   | Noticed a four-headed hydra
 17903 | Lair:2   | You fall through a shaft!
 17906 | Lair:3   | Found a hole to the Spider Nest.
 18323 | Lair:3   | Noticed a five-headed hydra
 18323 | Lair:3   | XOM: enchant monster (good)
 18359 | Lair:3   | XOM: blink monster(s)
 18363 | Lair:3   | XOM: divination: magic mapping
 18366 | Lair:3   | XOM: enchant monster (good)
 18372 | Lair:3   | XOM: harmless Tloc miscast
 18421 | Lair:3   | XOM: harmless Summ miscast
 18631 | Lair:2   | Noticed a seven-headed hydra
 18632 | Lair:2   | Reached skill level 6 in Ice Magic
 18632 | Lair:2   | XOM: summons friendly white imp
 18634 | Lair:2   | XOM: noise
 18669 | Lair:3   | XOM: scenery: create altars
 18679 | Lair:3   | XOM: chaos cloud
 18689 | Lair:3   | Killed a five-headed hydra
 18689 | Lair:3   | Reached skill level 7 in Ice Magic
 18697 | Lair:3   | XOM: noise
 18862 | Lair:3   | XOM: confusion
 18878 | Lair:3   | XOM: fog
 18997 | Lair:3   | XOM: god gift: 2 javelins of penetration
 19162 | Lair:3   | XOM: 4-stop teleportation journey
 19440 | Lair:3   | Reached skill level 8 in Ice Magic
 19440 | Lair:3   | Gained mutation: You are in touch with the powers of death. [Mummy growth]
 19440 | Lair:3   | Reached XP level 13. HP: 99/103 MP: 20/20
 19530 | Lair:2   | Noticed dxctxrx's ghost (journeyman GnTm)
 19539 | Lair:2   | XOM: divination: detect items
 20449 | Lair:3   | XOM: stat loss: -1 Int (13/14)
 20453 | Lair:4   | XOM: summons friendly shadow imp
 20457 | Lair:4   | Noticed an ettin
 20457 | Lair:4   | an eight-headed hydra changed into an ettin
 20457 | Lair:4   | XOM: polymorph eight-headed hydra -> ettin
 20461 | Lair:4   | XOM: harmless Conj miscast
 20627 | Lair:4   | XOM: 5-stop teleportation journey
 20645 | Lair:4   | XOM: destruction
 20656 | Lair:4   | XOM: 8-stop teleportation journey
 20672 | Lair:4   | XOM: enchant monster (good)
 20673 | Lair:4   | Reached skill level 1 in Shields
 20688 | Lair:4   | Killed an ettin
 20845 | Lair:4   | XOM: enchant monster (bad)
 20848 | Lair:4   | XOM: enchant monster (bad)
 20854 | Lair:4   | XOM: noise
 20856 | Lair:4   | XOM: destruction
 20876 | Lair:3   | XOM: mild Tmut miscast
 20877 | Lair:3   | XOM: medium Fire miscast
 20931 | Lair:3   | XOM: noise
 20948 | Lair:3   | Noticed a dire elephant
 20948 | Lair:3   | a death yak changed into a dire elephant
 20948 | Lair:3   | XOM: polymorph death yak -> dire elephant
 20972 | Lair:3   | XOM: confusion
 20973 | Lair:3   | XOM: repel stairs
 20975 | Lair:3   | XOM: enchant monster (bad)
 21152 | Lair:3   | XOM: summons 3 hostile shadow creatures
 21306 | Lair:2   | XOM: noise
 21325 | Lair:2   | Noticed a fire dragon
 21325 | Lair:2   | a seven-headed hydra changed into a fire dragon
 21325 | Lair:2   | XOM: polymorph seven-headed hydra -> fire dragon
 21467 | Lair:4   | Found a staircase to the Swamp.
 21556 | Lair:4   | XOM: harmless Conj miscast
 21611 | Lair:4   | XOM: noise
 21633 | Lair:4   | XOM: divine lightning
 22217 | Lair:4   | XOM: enchant monster (bad)
 22372 | Lair:4   | XOM: polymorph blink frog -> eye of draining
 22424 | Lair:4   | XOM: harmless Pois miscast
 22501 | Lair:5   | XOM: scenery: 1 doors close
 22592 | Lair:5   | XOM: summons 11 friendly demons
 22610 | Lair:5   | XOM: swap monsters
 22630 | Lair:5   | Reached skill level 5 in Shields
 22760 | Lair:5   | XOM: confusion
 22774 | Lair:5   | Reached skill level 9 in Ice Magic
 23086 | Lair:5   | Found a runed door.
 23252 | Lair:5   | Reached skill level 10 in Ice Magic
 23265 | Lair:5   | XOM: polymorph elephant -> death drake
 23274 | Lair:5   | XOM: medium Necr miscast
 23465 | Lair:5   | Found a staircase to the Slime Pits.
 23622 | Lair:6   | Entered Level 6 of the Lair of Beasts
 23640 | Lair:6   | XOM: stat loss: -1 Int (13/14)
 23645 | Lair:6   | XOM: confusion
 24006 | Lair:6   | XOM: medium Ice miscast
 24042 | Lair:6   | Noticed Kirke
 24043 | Lair:6   | XOM: fog
 24048 | Lair:6   | XOM: fog
 24051 | Lair:5   | XOM: enchant monster (good)
 24068 | Lair:5   | XOM: scenery: create altars
 24135 | Lair:5   | XOM: summons friendly neqoxec
 24145 | Lair:5   | Noticed a sphinx
 24151 | Lair:5   | Banished Kirke
 24153 | Lair:5   | Reached skill level 11 in Ice Magic
 24212 | Lair:6   | XOM: scenery: create altars
 24253 | Lair:6   | XOM: god gift: 23 stones
 24397 | Lair:6   | XOM: confuse monster(s)
 24443 | Lair:6   | XOM: divination: detect creatures
 24459 | Lair:6   | XOM: divination: detect items
 24476 | Lair:6   | XOM: destruction
 24487 | Lair:6   | XOM: polymorph catoblepas -> something unseen
 24644 | Lair:2   | XOM: destruction
 24647 | Lair:2   | XOM: mild Conj miscast
 24686 | Lair:2   | XOM: destruction
 24959 | Lair:1   | Reached skill level 12 in Ice Magic
 25025 | Lair:1   | XOM: cast spell 'Summon Mana Viper'
 25056 | Lair:1   | XOM: cleaving
 25064 | Lair:1   | Killed Charly's ghost
 25324 | Lair:1   | XOM: potion effect (agility)
 25345 | Lair:1   | XOM: cast spell 'Metabolic Englaciation'
 25363 | Lair:1   | Reached skill level 1 in Stealth
 25619 | D:8      | XOM: god gift: bread ration
 25736 | D:9      | XOM: 3-stop teleportation journey
 25852 | D:9      | XOM: mild Ice miscast
 26139 | D:9      | XOM: god gift: scroll of immolation
 26164 | D:9      | Found a sparkling altar of Nemelex Xobeh.
 26363 | Orc:1    | Entered Level 1 of the Orcish Mines
 26473 | D:11     | XOM: polymorph something unseen -> ooze
 26501 | D:11     | XOM: harmless Air miscast
 26528 | Orc:1    | XOM: 2-stop teleportation journey
 26598 | Orc:1    | Reached XP level 14. HP: 109/109 MP: 10/21
 26636 | Orc:1    | XOM: god gift: scroll of summoning
 26754 | Orc:1    | XOM: noise
 26894 | Orc:1    | XOM: mild Tloc miscast
 26932 | Orc:1    | XOM: potion effect (invisibility)
 27040 | Orc:1    | XOM: harmless Pois miscast
 27050 | Orc:1    | XOM: polymorph troll -> guardian serpent
 27104 | Orc:1    | XOM: fog
 27224 | Orc:2    | Entered Level 2 of the Orcish Mines
 27224 | Orc:2    | Found Anisoa's Magic Scroll Emporium.
 27265 | Orc:2    | Noticed Maurice
 27300 | Orc:2    | XOM: summons friendly crimson imp
 27652 | Orc:2    | Bought a scroll of torment for 112 gold pieces
 27652 | Orc:2    | Bought a scroll of holy word for 112 gold pieces
 27652 | Orc:2    | Bought a scroll of fear for 52 gold pieces
 27817 | Orc:2    | Noticed an orc warlord
 27822 | Orc:2    | Killed an orc warlord
 27850 | Orc:2    | XOM: mild Fire miscast
 27924 | Orc:2    | Found Xuriuv's Antique Weapon Boutique.
 27927 | Orc:2    | Found a roughly hewn altar of Beogh.
 27936 | Orc:2    | Found Vumyts's Antique Armour Shop.
 27968 | Orc:2    | Bought a glowing troll leather armour for 558 gold pieces
 28012 | Orc:2    | XOM: mild Tloc miscast
 28088 | Orc:2    | Found a roughly hewn altar of Beogh.
 28088 | Orc:2    | Found Fan Piod's Distillery.
 28339 | Orc:1    | XOM: god gift: glowing hand crossbow {god gift}
 28402 | Orc:2    | XOM: enchant monster (bad)
 28418 | Orc:2    | Found a roughly hewn altar of Beogh.
 28440 | Orc:2    | XOM: summons 7 hostile demons
 28556 | Orc:2    | Found a roughly hewn altar of Beogh.
 28560 | Orc:2    | XOM: 3-stop teleportation journey
 28615 | Orc:2    | Reached skill level 5 in Air Magic
 28636 | Orc:2    | Found a roughly hewn altar of Beogh.
 28673 | Orc:2    | Found a staircase to the Elven Halls.
 28764 | Orc:2    | XOM: god gift: lamp of fire
 28776 | Orc:2    | Found a roughly hewn altar of Beogh.
 28850 | Orc:2    | Found a roughly hewn altar of Beogh.
 28869 | Orc:2    | Found Lenwa Doile's Gadget Emporium.
 28878 | Orc:2    | Bought a wand of paralysis (17) for 342 gold pieces
 28952 | Orc:2    | Found a roughly hewn altar of Beogh.
 29165 | D:14     | XOM: enchant monster (good)
 29317 | D:14     | XOM: potion effect (might)
 29357 | D:14     | XOM: confuse monster(s)
 29366 | D:14     | XOM: potion effect (invisibility)
 29427 | D:14     | Reached skill level 13 in Ice Magic
 29641 | D:14     | XOM: cast spell 'Olgreb's Toxic Radiance'
 29643 | D:14     | XOM: potion effect (agility)
 29651 | D:14     | Killed Josephine
 29705 | D:14     | XOM: cast spell 'Ring of Flames'
 29707 | D:14     | XOM: cast spell 'Alistair's Intoxication'
 29953 | D:14     | XOM: harmless Hex miscast
 30166 | D:14     | XOM: mild Summ miscast
 30257 | D:14     | XOM: blink monster(s)
 30451 | D:15     | Entered Level 15 of the Dungeon
 30457 | D:15     | XOM: summons 3 friendly demons
 30479 | D:15     | Found Monoar's Book Shoppe.
 30499 | D:15     | XOM: harmless Erth miscast
 30590 | D:15     | Found Rehesi's General Store.
 30596 | D:15     | Found a shadowy altar of Dithmenos.
 30613 | D:15     | Found Vanlirol's General Store.
 30683 | D:15     | Learned a level 4 spell: Summon Lightning Spire
 30879 | D:15     | XOM: 2-stop teleportation journey
 31072 | D:15     | XOM: polymorph crocodile -> soldier ant
 31097 | D:15     | Reached skill level 1 in Summonings
 31262 | D:15     | Found Olihebue's Weapon Shoppe.
 31425 | D:15     | XOM: silly message
 31549 | D:15     | XOM: harmless Pois miscast
 31633 | D:15     | XOM: harmless Ice miscast
 31636 | D:15     | XOM: chaos cloud
 31664 | D:15     | XOM: mild Ice miscast
 31872 | D:13     | XOM: god gift: 380 gold pieces
 31946 | Orc:2    | Bought 3 scrolls of enchant weapon for 337 gold pieces
 32156 | Lair:1   | XOM: cloud trail
 32222 | Lair:1   | XOM: medium Tmut miscast
 32335 | Lair:3   | XOM: smoke on damage
 32344 | Lair:3   | XOM: butterfly on damage
 32577 | Swamp:1  | Entered Level 1 of the Swamp
 32678 | Swamp:1  | XOM: 7-stop teleportation journey
 33115 | Swamp:1  | XOM: scenery: create altars
 33282 | Swamp:1  | XOM: 4-stop teleportation journey
 33734 | Swamp:1  | XOM: summons friendly iron imp
 33869 | Swamp:2  | XOM: cast spell 'Summon Dragon'
 34055 | Swamp:2  | Reached skill level 5 in Summonings
 34074 | Swamp:2  | Noticed Jorgrun
 34076 | Swamp:2  | XOM: fake destruction
 34283 | Swamp:2  | XOM: medium Summ miscast
 34441 | Swamp:3  | XOM: god gift: 1130 gold pieces
 34474 | Swamp:3  | XOM: god gift: metal-bound book {god gift}
 34479 | Swamp:3  | XOM: confusion
 34651 | Swamp:3  | Found a white marble altar of Elyvilon.
 34694 | Swamp:3  | XOM: noise
 34712 | Swamp:3  | XOM: polymorph tyrant leech -> alligator
 34744 | Swamp:3  | Noticed a thorn hunter
 34799 | Swamp:2  | XOM: cleaving
 35006 | Swamp:2  | XOM: mild Erth miscast
 35117 | Swamp:3  | Reached XP level 15. HP: 85/115 MP: 18/22
 35233 | Swamp:3  | XOM: polymorph spriggan rider -> tyrant leech
 35355 | Swamp:3  | XOM: divination: detect creatures
 35743 | Swamp:3  | XOM: potion effect (heal wounds)
 35745 | Swamp:3  | XOM: silly message
 35911 | Swamp:3  | XOM: potion effect (brilliance)
 35913 | Swamp:3  | Killed a thorn hunter
 36062 | Swamp:3  | XOM: harmless Tmut miscast
 36130 | Swamp:3  | XOM: cast spell 'Olgreb's Toxic Radiance'
 36131 | Swamp:3  | Noticed a thorn hunter
 36197 | Swamp:3  | Killed a thorn hunter
 36212 | Swamp:3  | XOM: mild Conj miscast
 36277 | Swamp:3  | XOM: cloud trail
 36700 | Swamp:3  | XOM: polymorph alligator -> ice dragon
 36715 | Swamp:3  | XOM: blink monster(s)
 36975 | Swamp:4  | Entered Level 4 of the Swamp
 37429 | Swamp:3  | XOM: mild Hex miscast
 37455 | Swamp:3  | XOM: god gift: bound platinum ring {god gift}
 37458 | Swamp:3  | Got a bound platinum ring {god gift}
 37460 | Swamp:3  | Identified the ring of Xom's Ringing Laughter {+Inv MP+9 Slay+3} (Xom gifted it to you on level 3 of the Swamp)
 37794 | Swamp:4  | XOM: noise
 37873 | Swamp:4  | XOM: enchant monster (good)
 37880 | Swamp:4  | XOM: god gift: throwing net
 38044 | Swamp:4  | XOM: potion effect (invisibility)
 38051 | Swamp:4  | XOM: noise
 38092 | Swamp:4  | XOM: potion effect (might)
 38150 | Swamp:4  | XOM: potion effect (invisibility)
 38289 | Swamp:4  | XOM: potion effect (invisibility)
 38293 | Swamp:4  | Reached skill level 5 in Evocations
 38300 | Swamp:4  | XOM: potion effect (brilliance)
 38313 | Swamp:4  | Noticed a thorn hunter
 38318 | Swamp:4  | XOM: silly message
 38327 | Swamp:4  | Killed a thorn hunter
 38632 | Swamp:4  | XOM: silly message
 38848 | Swamp:4  | XOM: silly message
 39093 | Swamp:4  | Noticed the 27-headed Lernaean hydra
 39097 | Swamp:4  | Killed the 27-headed Lernaean hydra
 39134 | Swamp:4  | XOM: potion effect (agility)
 39140 | Swamp:4  | Reached skill level 5 in Stealth
 39272 | Swamp:4  | XOM: harmless Necr miscast
 39460 | Swamp:4  | Got a decaying rune of Zot
 39495 | Swamp:4  | XOM: noise
 39582 | Swamp:2  | XOM: harmless Fire miscast
 39675 | Lair:4   | XOM: summons 7 hostile demons
 39792 | Spider:1 | Entered Level 1 of the Spider Nest
 39828 | Spider:1 | XOM: confuse monster(s)
 39830 | Spider:1 | XOM: fog
 39931 | Spider:1 | XOM: cloud trail
 40245 | Spider:1 | XOM: enchant monster (good)
 40664 | Spider:1 | Reached XP level 16. HP: 121/122 MP: 26/26
 40666 | Spider:1 | XOM: scenery: create altars
 40689 | Spider:1 | XOM: god gift: 5 needles of sleeping
 40730 | Spider:1 | Got a steaming hat
 40741 | Spider:1 | Identified the +0 hat of Decompression {rPois} (You found it on level 1 of the Spider Nest)
 40950 | Spider:1 | XOM: scenery: create altars
 40982 | Spider:2 | XOM: 1-stop teleportation journey
 41059 | Spider:2 | XOM: god gift: 13 gold pieces
 41211 | Spider:2 | XOM: cast spell 'Discord'
 41214 | Spider:2 | XOM: smoke on damage
 41215 | Spider:2 | XOM: god gift: glowing short sword {god gift}
 41237 | Spider:2 | XOM: god gift: runed cloak {god gift}
 41512 | Spider:2 | XOM: enchant monster (good)
 41580 | Spider:2 | XOM: confuse monster(s)
 41746 | Spider:2 | XOM: god gift: fruit
 41818 | Spider:2 | XOM: divination: detect creatures
 42023 | Spider:2 | XOM: god gift: wand of scattershot (6)
 42446 | Spider:2 | XOM: 2-stop teleportation journey
 42722 | Spider:2 | XOM: scenery: create altars
 42891 | Spider:2 | XOM: 1-stop teleportation journey
 42967 | Spider:2 | XOM: god gift: dented peridot amulet {god gift}
 43076 | Spider:2 | XOM: scenery: create altars
 43083 | Spider:2 | XOM: scenery: create altars
 43358 | Spider:2 | XOM: scenery: create altars
 43393 | Spider:3 | Noticed brew9's ghost (adept DrFE)
 43395 | Spider:3 | XOM: confusion
 43526 | Spider:3 | XOM: harmless Summ miscast
 43530 | Spider:3 | Upgraded the game from 0.21-a0-529-g8c7b3f5 to 0.21-a0-531-gacddea6
 43738 | Spider:3 | Noticed Arachne
 43755 | Spider:3 | XOM: summons friendly quasit
 43758 | Spider:3 | XOM: 7-stop teleportation journey
 43767 | Spider:3 | XOM: smoke on damage
 43875 | Spider:2 | XOM: divination: magic mapping
 44354 | Spider:3 | XOM: god gift: 8 royal jellies
 44541 | Spider:3 | Identified the +12 chain mail of the Nexus {rCorr} (You found it on level 3 of the Spider Nest)
 44554 | Spider:3 | XOM: god gift: 50 gold pieces
 44736 | Lair:1   | XOM: god gift: 10 royal jellies
 44931 | D:15     | Bought a book of Cantrips for 320 gold pieces
 44934 | D:15     | XOM: divination: detect creatures
 44945 | D:15     | Bought a book of the Sky for 1040 gold pieces
 44945 | D:15     | Bought a book of Power for 720 gold pieces
 44952 | D:15     | Learned a level 6 spell: Deflect Missiles
 44988 | D:15     | Learned a level 1 spell: Apportation
 45128 | Vaults:1 | Entered Level 1 of the Vaults
 45153 | Vaults:1 | Learned a level 6 spell: Conjure Ball Lightning
 45506 | Vaults:1 | XOM: summons 7 friendly demons
 45765 | Vaults:1 | XOM: enchant monster (bad)
 46023 | Vaults:1 | Reached skill level 10 in Air Magic
 46146 | Vaults:1 | XOM: silly message
 46287 | Vaults:1 | XOM: fake destruction
 46297 | Vaults:1 | XOM: harmless Hex miscast
 46527 | Vaults:1 | XOM: divination: detect creatures
 46602 | Vaults:1 | XOM: divination: detect creatures
 46719 | Vaults:1 | XOM: mild Hex miscast
 46756 | Vaults:1 | XOM: medium Hex miscast
 46776 | Vaults:1 | Reached skill level 1 in Charms
 46797 | Vaults:1 | XOM: summons 2 hostile demons
 47164 | Vaults:2 | XOM: harmless Conj miscast
 47313 | Vaults:2 | XOM: mild Fire miscast
 47515 | Vaults:1 | Noticed Aizul
 47535 | Vaults:2 | XOM: 1-stop teleportation journey
 47626 | Vaults:2 | XOM: harmless Conj miscast
 47662 | Vaults:2 | XOM: harmless Summ miscast
 47947 | Vaults:2 | Reached XP level 17. HP: 120/127 MP: 23/29
 47981 | Vaults:2 | XOM: harmless Tmut miscast
 48592 | Vaults:2 | XOM: polymorph orc knight -> anaconda
 48676 | Vaults:2 | XOM: confusion
 48678 | Vaults:2 | XOM: cast spell 'Leda's Liquefaction'
 48688 | Vaults:2 | XOM: confuse monster(s)
 48805 | Vaults:2 | XOM: silly message
 48999 | Vaults:2 | Noticed a Brimstone Fiend
 49025 | Vaults:2 | XOM: scenery: 1 doors close
 49027 | Vaults:2 | XOM: enchant monster (good)
 49032 | Vaults:2 | XOM: potion effect (might)
 49035 | Vaults:2 | XOM: divination: detect creatures
 49085 | Vaults:2 | Noticed an Ice Fiend
 49263 | Vaults:1 | XOM: mild Summ miscast
 49267 | Vaults:1 | XOM: cast spell 'Olgreb's Toxic Radiance'
 49395 | Vaults:1 | XOM: scenery: 1 doors open
 49400 | Vaults:1 | XOM: scenery: 1 doors close
 49423 | Vaults:1 | XOM: divination: detect items
 49426 | Vaults:1 | XOM: fog
 49587 | Vaults:1 | XOM: scenery: 1 doors close
 49801 | Vaults:1 | XOM: 4-stop teleportation journey
 49895 | Vaults:1 | XOM: stat loss: -1 Str (18/19)
 50044 | Vaults:1 | XOM: summons 1 hostile shadow creature
 50057 | Vaults:1 | XOM: summons 1 hostile demon
 50061 | Vaults:1 | XOM: swap monsters
 50072 | Vaults:1 | HP: 2/127 [harpy (13)]
 50075 | Vaults:1 | fuck you xom
 50826 | D:9      | XOM: medium Pois miscast
 50893 | Vaults:1 | XOM: summons 3 friendly demons
 50901 | Vaults:1 | XOM: polymorph red devil -> ice devil
 50903 | Vaults:1 | XOM: confusion
 50906 | Vaults:1 | Slain by a harpy

Vault maps used:
D:1:      dpeg_arrival_prison, minmay_door_square, minmay_statues_item,
          roderic_filled_cross, st_stairs_7, minmay_fountain_box,
          minmay_distorted
D:2:      cheibrodos_helix_gallery, uniq_crazy_yiuf_cottage, uniq_sigmund
D:3:      cheibrodos_ashenzari_chains, first_bread, kennysheep_jessica_study,
          uniq_natasha, uniq_grinder
D:4:      gammafunk_temple_overflow_wave, vehumet_altar_wand_db, serial_shops,
          shop, uniq_menkaure
D:5:      lemuel_round_altar, grunt_temple_overflow_open, serial_bayou_pond_b
D:6:      minivault_23, uniq_blork_the_orc
D:7:      kennysheep_mini_moat, temple_statues, enter_bailey_2
D:8:      kennysheep_mini, erik_lair_orcish_takeover, grunt_livestock,
          doesnt_xom_only_xom, uniq_psyche
D:9:      nicolae_overflow_crystal_walls, nemelex_xobeh_ov_fountains_minmay,
          minivault_26, minmay_misc_feat_x, uniq_prince_ribbit1, uniq_erica
D:10:     minmay_guarded_unrand_staff_of_olgreb, uniq_nergalle
D:11:     orc_0_dummy, portal_ice_cave_entry_animals_and_master, serial_shops,
          shop, uniq_fannar
D:13:     david_vaults_5, serial_shops, shop
D:14:     solitary_fountain, minmay_variable_closet, uniq_josephine
D:15:     grunt_enter_depths_hoard, basic_altar, minmay_misc_feat_doors,
          serial_shops, nicolae_shop_stone, nicolae_shop_behind_doors, shop,
          shop
Lair:1:   st_stairs_3, nicolae_quartered_pool_little,
          nicolae_lair_grove_arrangements, serial_bayou_pond_d
Lair:2:   minmay_lair_oklob_bushes, beast_lair_carwin_10, grunt_megastairs_2
Lair:3:   nicolae_spider_entry_tight_spaces, wad_woods_01, serial_bayou_shore_a
Lair:4:   swamp_mist_pool, infiniplex_staircase_pool_2,
          minmay_lair_oklob_chamber
Lair:5:   minmay_slime_entry_oklob_enclosed, serial_bayou,
          serial_bayou_lagoon_a, serial_bayou_pond_a, serial_bayou_crossing,
          serial_bayou_pond_a, serial_bayou_pond_e, pf_torpor_hydra
Lair:6:   grunt_lair_end_beastmaster, st_stairs_3, patterned_corridor,
          uniq_kirke
Swamp:1:  wheals_swamp_sinkhole
Swamp:2:  evilmike_swamp_ruin_house_2, uniq_jorgrun
Swamp:3:  nicolae_swamp_godswood
Swamp:4:  swamp_old_school
Spider:3: spider_trap, uniq_azrael, uniq_arachne
Orc:2:    grunt_orc_community_town_hall, grunt_orc_community_big_house_2,
          grunt_orc_community_big_house_1, grunt_orc_community_house_3,
          grunt_orc_community_house_3, grunt_orc_community_house_2,
          grunt_orc_community_house_2, grunt_orc_community_house_2,
          serial_shops, shop, uniq_maurice
Vaults:1: nicolae_vaults_yaktaur_gun_rack, vaults_mumra_minichess_inversion,
          hangedman_vaults_stream, ontoclasm_vaults_ligature,
          vaults_room_semicircle, vaults_mumra_hex, nicolae_vaults_angled_halls,
          vaults_room_grunt_arrival_ludios, uniq_aizul
Vaults:2: nicolae_vaults_alarming, nicolae_vaults_fighting_squares, v_rooms_2,
          vaults_dpeg_cross, vaults_room_semicircle, v_misc_13, v_alt_pattern_1,
          v_misc_28, grunt_vaults_swirl, vaults_room_door_hall,
          minmay_crypt_entry_simple_statues
Bailey:   bailey_polearm_1, bailey
IceCv:    ice_cave_small_necro

Skill      XL: |  1  2  3  4  5  6  7  8  9 10 11 12 13 14 15 16 17 |
---------------+----------------------------------------------------+-----
Short Blades   | 3 4 6 8 10 | 10.4
Dodging        | 3 5 6 9 |  9.3
Staves         | 1 2 |  2.3
Evocations     | 2 6 |  6.2
Fighting       | 5 6 9 |  9.9
Spellcasting   | 5 7 8 |  8.2
Translocations | 5 |  5.0
Conjurations   | 3 4 |  4.9
Air Magic      | 1 4 6 9 10 12 | 12.8
Poison Magic   | 1 4 |  4.0
Fire Magic     | 1 |  1.9
Ice Magic      | 8 12 13 | 13.9
Shields        | 5 |  5.3
Stealth        | 2 3 5 |  5.7
Summonings     | 5 |  5.0
Charms         | 3 |  3.9
Armour         | |  1.5

Action                   |  1- 3 |  4- 6 |  7- 9 | 10-12 | 13-15 | 16-18 || total
-------------------------+-------+-------+-------+-------+-------+-------++-------
Melee: Short sword       |   112 |       |       |       |       |       ||   112
       Quarterstaff      |     8 |   109 |       |       |       |       ||   117
       Dagger            |       |    50 |   492 |  1393 |  2339 |   833 ||  5107
Throw: Tomahawk          |       |       |       |     7 |       |       ||     7
       Javelin           |       |       |       |     8 |     9 |     5 ||    22
       Throwing net      |       |       |       |       |     2 |     3 ||     5
 Cast: Mephitic Cloud    |       |       |       |     5 |    87 |    64 ||   156
       Blink             |       |       |       |    13 |    54 |    13 ||    80
       Conjure Flame     |       |       |       |     5 |    24 |     1 ||    30
       Freezing Cloud    |       |       |       |     1 |     1 |       ||     2
       Summon Lightning  |       |       |       |       |     3 |     1 ||     4
       Conjure Ball Ligh |       |       |       |       |       |    34 ||    34
       Deflect Missiles  |       |       |       |       |       |     3 ||     3
 Abil: Evoke Invisibilit |       |       |       |       |     3 |    11 ||    14
Evoke: Wand              |       |     1 |     9 |    31 |    19 |     8 ||    68
       Lamp of fire      |       |       |       |       |     3 |       ||     3
       Box of beasts     |       |       |       |       |     1 |       ||     1
       Phantom mirror    |       |       |       |       |     1 |       ||     1
       Fan of gales      |       |       |       |       |       |     1 ||     1
  Use: Scroll            |     2 |     2 |    14 |    15 |    19 |    13 ||    65
 Stab: Paralysed         |     3 |     5 |     3 |     1 |     3 |     1 ||    16
       Petrified         |     4 |       |       |     1 |     9 |       ||    14
       Sleeping          |     1 |       |       |       |     4 |     3 ||     8
       Distracted        |       |       |     2 |     3 |     2 |     2 ||     9
       Confused          |       |       |     2 |     6 |    43 |    48 ||    99
       Invisible         |       |       |       |     5 |    32 |    24 ||    61
       Petrifying        |       |       |       |     1 |       |       ||     1
       Betrayed ally     |       |       |       |       |     1 |       ||     1
       Held in net/web   |       |       |       |       |     2 |       ||     2
Armor: Leather armour    |    43 |    64 |    39 |     1 |       |       ||   147
       Ring mail         |       |       |    96 |   287 |   463 |   195 ||  1041
       Ice dragon scales |       |       |       |    63 |       |       ||    63
Dodge: Dodged            |    68 |    93 |   227 |   661 |   765 |   347 ||  2161
       Deflected         |       |       |       |       |       |    25 ||    25
Block: Buckler           |       |       |       |       |   561 |   205 ||   766
       Reflection        |       |       |       |       |    13 |    21 ||    34

Table legend:
 A = Spawn XP
 B = Non-spawn XP
 C = Spawn XP percentage of total XP
 D = Spawn monster count
 E = Non-spawn monster count
 F = Spawn count percentage of total count
 G = Total turns spent on level
                    A         B        C        D         E        F      G
               +---------+---------+-------+---------+---------+-------+---------
         Total |       0 |  253755 |   0.0 |       0 |    1114 |   0.0 | 50906
               +---------+---------+-------+---------+---------+-------+---------
           D:1 |       0 |      36 |   0.0 |       0 |      23 |   0.0 |  1263
           D:2 |       0 |     550 |   0.0 |       0 |      44 |   0.0 |  1544
           D:3 |       0 |     447 |   0.0 |       0 |      26 |   0.0 |   726
           D:4 |       0 |     359 |   0.0 |       0 |      17 |   0.0 |   564
           D:5 |       0 |     499 |   0.0 |       0 |      11 |   0.0 |   737
           D:6 |       0 |     484 |   0.0 |       0 |      13 |   0.0 |   655
           D:7 |       0 |     449 |   0.0 |       0 |      18 |   0.0 |  1291
           D:8 |       0 |    2787 |   0.0 |       0 |      41 |   0.0 |  1955
           D:9 |       0 |    2217 |   0.0 |       0 |      18 |   0.0 |   926
          D:10 |       0 |    2894 |   0.0 |       0 |      41 |   0.0 |  1721
          D:11 |       0 |    7140 |   0.0 |       0 |      56 |   0.0 |  1800
          D:12 |       0 |    5141 |   0.0 |       0 |      39 |   0.0 |  1354
          D:13 |       0 |    8026 |   0.0 |       0 |      40 |   0.0 |  3402
          D:14 |       0 |   12047 |   0.0 |       0 |      31 |   0.0 |  2145
          D:15 |       0 |    2484 |   0.0 |       0 |      14 |   0.0 |  1324
        Lair:1 |       0 |    4769 |   0.0 |       0 |      18 |   0.0 |  1370
        Lair:2 |       0 |    4030 |   0.0 |       0 |      21 |   0.0 |   581
        Lair:3 |       0 |    5773 |   0.0 |       0 |      18 |   0.0 |  3218
        Lair:4 |       0 |    5474 |   0.0 |       0 |      18 |   0.0 |  1445
        Lair:5 |       0 |    9785 |   0.0 |       0 |      32 |   0.0 |  1397
        Lair:6 |       0 |    2401 |   0.0 |       0 |      12 |   0.0 |   744
       Swamp:1 |       0 |    4546 |   0.0 |       0 |      11 |   0.0 |  1305
       Swamp:2 |       0 |    5574 |   0.0 |       0 |      23 |   0.0 |  1149
       Swamp:3 |       0 |   23831 |   0.0 |       0 |      65 |   0.0 |  2915
       Swamp:4 |       0 |   20868 |   0.0 |       0 |      38 |   0.0 |  1722
      Spider:1 |       0 |    9819 |   0.0 |       0 |      29 |   0.0 |  1414
      Spider:2 |       0 |   22373 |   0.0 |       0 |      67 |   0.0 |  2657
      Spider:3 |       0 |    6377 |   0.0 |       0 |      26 |   0.0 |   760
         Orc:1 |       0 |    2771 |   0.0 |       0 |      34 |   0.0 |  1223
         Orc:2 |       0 |    6332 |   0.0 |       0 |      85 |   0.0 |  1335
      Vaults:1 |       0 |   36733 |   0.0 |       0 |      64 |   0.0 |  2034
      Vaults:2 |       0 |   31713 |   0.0 |       0 |      61 |   0.0 |  2458
        Bailey |       0 |      17 |   0.0 |       0 |       6 |   0.0 |    87
         IceCv |       0 |    5009 |   0.0 |       0 |      54 |   0.0 |  1685
               +---------+---------+-------+---------+---------+-------+---------
